BSA
VISTA PANTHERS @ NASSAU ROCKETS
04/28/2027
 
TOP OF THE 1ST
Vista Panthers batting - Pitching for Nassau Rockets : RHP Nolan Baker
Pitching: RHP Nolan Baker
Batting: LHB Bob Cunningham 0-0: Ball
1-0: Ball
2-0: Called Strike
2-1: Ball
3-1: Foul Ball, location: 2F
3-2: Foul Ball, location: 2F
3-2: Foul Ball, location: 2F
3-2: Base on Balls
Batting: RHB Roberto Cruz 0-0: Ball
1-0: Ball
2-0: SINGLE (Line Drive, 4D)
Bob Cunningham to second
Batting: LHB Donovan Bird 0-0: Ball
1-0: Swinging Strike
1-1: Ball
2-1: Ball
3-1: Foul Ball, location: 2F
3-2: Base on Balls
Bob Cunningham to third
Roberto Cruz to second
Batting: SHB Mark Wells 0-0: Ball
1-0: Called Strike
1-1: Grounds into double play, 4-6-3 (Groundball, 4)
Bob Cunningham scores
Roberto Cruz to third
Batting: LHB Brent Alonzo 0-0: Ball
1-0: Called Strike
1-1: Called Strike
1-2: Ground out 6-3 (Groundball, 6S)
Top of the 1st over - 1 run(s), 1 hit(s), 0 error(s), 1 left on base; Vista 1 - Nassau 0
BOTTOM OF THE 1ST
Nassau Rockets batting - Pitching for Vista Panthers : RHP Randy Mailman
Pitching: RHP Randy Mailman
Batting: LHB Rafael Delgado 0-0: Foul Ball, location: 2F
0-1: Swinging Strike
0-2: Ball
1-2: SINGLE (Groundball, 5D)
Batting: LHB Andrew Alvarado 0-0: Called Strike
0-1: Ground out U3 (Groundball, 3L)
Rafael Delgado to second
Batting: LHB Doug Thompson 0-0: Ball
1-0: Called Strike
1-1: Foul Ball, location: 2F
1-2: Ball
2-2: Foul Ball, location: 2F
2-2: Strikes out swinging
Batting: LHB Bob Martin 0-0: Fly out, F7 (Flyball, 7LS)
Bottom of the 1st over - 0 run(s), 1 hit(s), 0 error(s), 1 left on base; Vista 1 - Nassau 0
TOP OF THE 2ND
Vista Panthers batting - Pitching for Nassau Rockets : RHP Nolan Baker
Batting: RHB Salvador Salas 0-0: Ball
1-0: Foul Ball, location: 2F
1-1: SINGLE (Groundball, 56D)
Batting: RHB Phil Matthews 0-0: Ball
1-0: Ball
2-0: Called Strike
2-1: Foul Ball, location: 2F
2-2: Ball
3-2: Fly out, F9 (Flyball, 9LM)
Batting: LHB Greg Schultz 0-0: Called Strike
0-1: SINGLE (Line Drive, 8LS)
Salvador Salas to second
Batting: RHB Justin Burgess 0-0: Ball
1-0: Fly out, F8 (Flyball, 8RD)
Runner from 2nd tags up, SAFE at 3rd, no throw
Batting: LHB Bob Cunningham 0-0: Ball
1-0: SINGLE (Line Drive, 34)
Salvador Salas scores
Greg Schultz to second
Batting: RHB Roberto Cruz 0-0: Ground out 6-3 (Groundball, 6MD)
Top of the 2nd over - 1 run(s), 3 hit(s), 0 error(s), 2 left on base; Vista 2 - Nassau 0
BOTTOM OF THE 2ND
Nassau Rockets batting - Pitching for Vista Panthers : RHP Randy Mailman
Batting: SHB Howard Parker 0-0: Called Strike
0-1: Ball
1-1: Ground out 6-3 (Groundball, 6)
Batting: LHB Phil Smith 0-0: Called Strike
0-1: Foul Ball, location: 2F
0-2: Foul Ball, location: 2F
0-2: Ball
1-2: Ball
2-2: Ball
3-2: SINGLE (Groundball, 34D)
Batting: RHB Brant Sherman 0-0: Foul Ball, location: 2F
0-1: Swinging Strike
0-2: Strikes out swinging
Batting: RHB Rubén Matos 0-0: Foul Ball, location: 2F
0-1: Fly out, F8 (Flyball, 8RM)
Bottom of the 2nd over - 0 run(s), 1 hit(s), 0 error(s), 1 left on base; Vista 2 - Nassau 0
TOP OF THE 3RD
Vista Panthers batting - Pitching for Nassau Rockets : RHP Nolan Baker
Batting: LHB Donovan Bird 0-0: SINGLE (Line Drive, 4D)
Batting: SHB Mark Wells 0-0: Foul Ball, location: 2F
0-1: Foul Ball, location: 2F
0-2: Foul Ball, location: 2F
0-2: Ground out 6-3 (Groundball, 6S)
Donovan Bird to second
Batting: LHB Brent Alonzo 0-0: Swinging Strike
0-1: Swinging Strike
0-2: Ball
1-2: Strikes out looking
Batting: RHB Salvador Salas 0-0: Foul Ball, location: 2F
0-1: Foul Ball, location: 2F
0-2: Ball
1-2: Ball
2-2: Strikes out looking
Top of the 3rd over - 0 run(s), 1 hit(s), 0 error(s), 1 left on base; Vista 2 - Nassau 0
BOTTOM OF THE 3RD
Nassau Rockets batting - Pitching for Vista Panthers : RHP Randy Mailman
Batting: RHB Pete Harvey 0-0: Swinging Strike
0-1: Foul Ball, location: 2F
0-2: Ball
1-2: Foul Ball, location: 2F
1-2: Strikes out swinging
Batting: LHB Rafael Delgado 0-0: Ground out 4-3 (Groundball, 4)
Batting: LHB Andrew Alvarado 0-0: Fly out, F4 (Flyball, 4MD)
Bottom of the 3rd over - 0 run(s), 0 hit(s), 0 error(s), 0 left on base; Vista 2 - Nassau 0
TOP OF THE 4TH
Vista Panthers batting - Pitching for Nassau Rockets : RHP Nolan Baker
Batting: RHB Phil Matthews 0-0: Ball
1-0: Ball
2-0: Called Strike
2-1: Ball
3-1: Swinging Strike
3-2: Ground out 1-3 (Groundball, 13)
Batting: LHB Greg Schultz 0-0: Ball
1-0: Ball
2-0: Called Strike
2-1: Ball
3-1: Base on Balls
Batting: RHB Justin Burgess 0-0: Called Strike
0-1: Ball
1-1: Ball
2-1: Ball
3-1: Grounds into double play, 4-6-3 (Groundball, 4)
Top of the 4th over - 0 run(s), 0 hit(s), 0 error(s), 0 left on base; Vista 2 - Nassau 0
BOTTOM OF THE 4TH
Nassau Rockets batting - Pitching for Vista Panthers : RHP Randy Mailman
Batting: LHB Doug Thompson 0-0: Ball
1-0: Swinging Strike
1-1: Ground out U3 (Groundball, 34)
Batting: LHB Bob Martin 0-0: Called Strike
0-1: Called Strike
0-2: Ground out 6-3 (Groundball, 6)
Batting: SHB Howard Parker 0-0: Called Strike
0-1: Called Strike
0-2: Ball
1-2: Ball
2-2: Foul Ball, location: 2F
2-2: Foul Ball, location: 2F
2-2: Foul Ball, location: 2F
2-2: Ground out 4-3 (Groundball, 4)
Bottom of the 4th over - 0 run(s), 0 hit(s), 0 error(s), 0 left on base; Vista 2 - Nassau 0
TOP OF THE 5TH
Vista Panthers batting - Pitching for Nassau Rockets : RHP Nolan Baker
Batting: LHB Bob Cunningham 0-0: Called Strike
0-1: Called Strike
0-2: SOLO HOME RUN (Flyball, 9D), Distance : 341 ft
Batting: RHB Roberto Cruz 0-0: Called Strike
0-1: Called Strike
0-2: Fly out, F7 (Flyball, 7LM)
Batting: LHB Donovan Bird 0-0: Called Strike
0-1: Swinging Strike
0-2: Ball
1-2: Fly out, F9 (Flyball, 9LDF)
Batting: SHB Mark Wells 0-0: Ball
1-0: SINGLE (Groundball, 5D)
Batting: LHB Brent Alonzo 0-0: Called Strike
Mark Wells steals 2nd base
0-1: Ball
1-1: Foul Ball, location: 2F
1-2: Ball
2-2: Foul Ball, location: 2F
2-2: Fly out, F7 (Flyball, 78D)
Top of the 5th over - 1 run(s), 2 hit(s), 0 error(s), 1 left on base; Vista 3 - Nassau 0
BOTTOM OF THE 5TH
Nassau Rockets batting - Pitching for Vista Panthers : RHP Randy Mailman
Batting: LHB Phil Smith 0-0: Foul Ball, location: 2F
0-1: Foul Ball, location: 2F
0-2: Ground out U3 (Groundball, 34)
Batting: RHB Brant Sherman 0-0: Ball
1-0: Ball
2-0: Ball
3-0: Called Strike
3-1: Called Strike
3-2: SINGLE (Flyball, 89S)
Batting: RHB Rubén Matos 0-0: Called Strike
Throwing error on steal attempt, E2
Brant Sherman to third
0-1: Ball
1-1: Foul Ball, location: 2F
1-2: Ball
2-2: Strikes out swinging
Batting: RHB Pete Harvey 0-0: Ball
1-0: Foul Ball, location: 2F
1-1: Ball
2-1: Ball
3-1: Base on Balls
Batting: LHB Rafael Delgado 0-0: Foul Ball, location: 2F
0-1: Ball
1-1: Called Strike
1-2: Foul Ball, location: 2F
1-2: Strikes out swinging
Bottom of the 5th over - 0 run(s), 1 hit(s), 1 error(s), 2 left on base; Vista 3 - Nassau 0
TOP OF THE 6TH
Vista Panthers batting - Pitching for Nassau Rockets : RHP Nolan Baker
Pitching: RHP Juan Franco
Batting: RHB Salvador Salas 0-0: Called Strike
0-1: Ball
1-1: Foul Ball, location: 2F
1-2: Foul Ball, location: 2F
1-2: Ground out 5-3 (Groundball, 56S)
Batting: RHB Phil Matthews 0-0: Called Strike
0-1: Called Strike
0-2: Ball
1-2: Ball
2-2: Ball
3-2: Strikes out looking
Batting: LHB Greg Schultz 0-0: Ball
1-0: Ball
2-0: Ball
3-0: Called Strike
3-1: Base on Balls
Batting: RHB Justin Burgess 0-0: Fielders Choice at 2nd, 6-4 (Groundball, 6)
Top of the 6th over - 0 run(s), 0 hit(s), 0 error(s), 0 left on base; Vista 3 - Nassau 0
BOTTOM OF THE 6TH
Nassau Rockets batting - Pitching for Vista Panthers : RHP Randy Mailman
Batting: LHB Andrew Alvarado 0-0: Swinging Strike
0-1: Ball
1-1: Foul Ball, location: 2F
1-2: Strikes out swinging
Batting: LHB Doug Thompson 0-0: Ball
1-0: Ground out 1-3 (Groundball, 15S)
Batting: LHB Bob Martin 0-0: Ball
1-0: Ball
2-0: Swinging Strike
2-1: Called Strike
2-2: Foul Ball, location: 2F
2-2: Strikes out swinging
Bottom of the 6th over - 0 run(s), 0 hit(s), 0 error(s), 0 left on base; Vista 3 - Nassau 0
TOP OF THE 7TH
Vista Panthers batting - Pitching for Nassau Rockets : RHP Juan Franco
Batting: LHB Bob Cunningham 0-0: Called Strike
0-1: Foul Ball, location: 2F
0-2: Ball
1-2: Ball
2-2: SINGLE (Line Drive, 9LS)
Batting: RHB Roberto Cruz 0-0: Called Strike
Bob Cunningham is caught stealing 2nd base
0-1: Foul Ball, location: 2F
0-2: Ground out 4-3 (Groundball, 4)
Batting: LHB Donovan Bird 0-0: Ball
1-0: Foul Ball, location: 2F
1-1: Swinging Strike
1-2: Ball
2-2: Strikes out swinging
Top of the 7th over - 0 run(s), 1 hit(s), 0 error(s), 0 left on base; Vista 3 - Nassau 0
BOTTOM OF THE 7TH
Nassau Rockets batting - Pitching for Vista Panthers : RHP Randy Mailman
Batting: SHB Howard Parker 0-0: Ball
1-0: Ground out 5-3 (Groundball, 5)
Batting: LHB Phil Smith 0-0: Ball
1-0: Foul Ball, location: 2F
1-1: Ball
2-1: Fly out, F8 (Flyball, 8RS)
Batting: RHB Brant Sherman 0-0: Ball
1-0: Foul Ball, location: 2F
1-1: Ball
2-1: Foul Ball, location: 2F
2-2: Foul Ball, location: 2F
2-2: Ball
3-2: Foul Ball, location: 2F
3-2: Strikes out swinging
Bottom of the 7th over - 0 run(s), 0 hit(s), 0 error(s), 0 left on base; Vista 3 - Nassau 0
TOP OF THE 8TH
Vista Panthers batting - Pitching for Nassau Rockets : RHP Juan Franco
Batting: SHB Mark Wells 0-0: Foul Ball, location: 2F
0-1: Ball
1-1: Foul Ball, location: 2F
1-2: Fly out, F3 (Popup, 3D)
Batting: LHB Brent Alonzo 0-0: Ball
1-0: Foul Ball, location: 2F
1-1: Ball
2-1: Ball
3-1: Called Strike
3-2: Fly out, F6 (Popup, 6MS)
Batting: RHB Salvador Salas 0-0: Fly out, F9 (Flyball, 9S)
Top of the 8th over - 0 run(s), 0 hit(s), 0 error(s), 0 left on base; Vista 3 - Nassau 0
BOTTOM OF THE 8TH
Nassau Rockets batting - Pitching for Vista Panthers : RHP Randy Mailman
Pitching: RHP Dave Jackson
Batting: RHB Rubén Matos 0-0: Ground out 6-3 (Groundball, 6)
Batting: RHB Pete Harvey 0-0: Foul Ball, location: 2F
0-1: Foul Ball, location: 2F
0-2: Ball
1-2: Ball
2-2: Ball
3-2: Foul Ball, location: 2F
3-2: Strikes out looking
Batting: LHB Rafael Delgado 0-0: Ground out 6-3 (Groundball, 6)
Bottom of the 8th over - 0 run(s), 0 hit(s), 0 error(s), 0 left on base; Vista 3 - Nassau 0
TOP OF THE 9TH
Vista Panthers batting - Pitching for Nassau Rockets : RHP Juan Franco
Batting: RHB Phil Matthews 0-0: Ball
1-0: Swinging Strike
1-1: Ground out 6-3 (Groundball, 6)
Batting: LHB Greg Schultz 0-0: Ball
1-0: Ball
2-0: Swinging Strike
2-1: Foul Ball, location: 2F
2-2: Strikes out swinging
Pitching: LHP Dennis Taylor
Batting: RHB Justin Burgess 0-0: Called Strike
0-1: Ball
1-1: Foul Ball, location: 2F
1-2: Fly out, F7 (Flyball, 78S)
Top of the 9th over - 0 run(s), 0 hit(s), 0 error(s), 0 left on base; Vista 3 - Nassau 0
BOTTOM OF THE 9TH
Nassau Rockets batting - Pitching for Vista Panthers : RHP Dave Jackson
Pitching: RHP David Simpson
Batting: LHB Andrew Alvarado 0-0: Swinging Strike
0-1: Called Strike
0-2: Ball
1-2: Foul Ball, location: 2F
1-2: Strikes out swinging
Batting: LHB Doug Thompson 0-0: Ball
1-0: Fly out, F6 (Line Drive, 6M)
Batting: LHB Bob Martin 0-0: Ground out 3-1 (Groundball, 2R)
Bottom of the 9th over - 0 run(s), 0 hit(s), 0 error(s), 0 left on base; Vista 3 - Nassau 0
Thursday, March 30th, 2017 - OOTP Baseball 17.12 Build 75